 Dungeon Crawl Stone Soup version 0.28-a0-1356-g2ad6d04315 (webtiles) character file.

Game seed: 8111228760568511731

2172 funkygono the Firebug (level 9, 0/64 HPs)
             Began as a White Draconian Fire Elementalist on Dec 30, 2021.
             Slain by a slime creature (5 damage)
             ... on level 6 of the Dungeon.
             The game lasted 00:12:15 (6446 turns).

funkygono the Firebug (DrFE)                        Turns: 6446, Time: 00:12:16

Health: 0/64       AC:  7    Str: 11    XL:     9   Next: 11%
Magic:  3/18       EV: 12    Int: 26    God:
Gold:   426        SH:  0    Dex: 11    Spells: 11/21 levels left

rFire   . . .      SeeInvis .   q - +1 mace (protect)
rCold   + . .      Faith    .   (no shield)
rNeg    . . .      Spirit   .   (armour unavailable)
rPois   .          Reflect  .   (helmet restricted)
rElec   .          Harm     .   (no cloak)
rCorr   .          Rampage  .   (no gloves)
Will    .....                   (no boots)
Stlth   ++........              (no amulet)
HPRegen 0.20/turn               a - +6 ring of intelligence
MPRegen 0.16/turn               (no ring)

@: no status effects
A: breathe frost, AC +7, unfitting armour, cold resistance 1, cold-blooded
a: Breathe Frost


You were on level 6 of the Dungeon.
You visited 1 branch of the dungeon, and saw 6 of its levels.

You collected 426 gold pieces.

Inventory:

Hand Weapons
 c - a +0 whip
 e - a +1 dagger of venom
 f - a +2 vampiric dagger
 q - a +1 mace of protection (weapon)
Missiles
 b - 224 stones
 t - a throwing net
Magical Staves
 k - a staff of conjuration
Jewellery
 a - a +6 ring of intelligence (left hand)
 v - a +6 ring of intelligence
Wands
 l - a wand of acid (5)
Scrolls
 g - 2 scrolls of teleportation
 h - a scroll of amnesia
 n - a scroll of identify
 p - a scroll of silence
 s - a scroll of summoning
Potions
 d - 2 potions of flight
 i - a potion of curing
 j - 3 potions of mutation
 m - a potion of resistance {unknown}
 o - a potion of might {unknown}
 r - a potion of magic {unknown}
 u - a potion of degeneration {unknown}


   Skills:
 + Level 1.3 Fighting
 + Level 1.2 Maces & Flails
 + Level 2.2 Dodging
 - Level 1.7 Stealth
 * Level 6.5 Spellcasting
 * Level 5.2 Conjurations
 * Level 7.1 Fire Magic


You had 11 spell levels left.
You knew the following spells:

 Your Spells              Type           Power      Damage    Failure   Level
a - Foxfire               Conj/Fire      100%       2x1d9     1%          1
b - Scorch                Fire           90%        2d10      1%          2
c - Conjure Flame         Conj/Fire      40%        6-21      1%          3
d - Flame Wave            Conj/Fire      40%        2d8       5%          4

Your spell library contained the following spells:

 Spells                   Type           Power      Damage    Failure   Level
 Inner Flame              Hex/Fire       27%        N/A       4%          3
 Ensorcelled Hibernation  Hex/Ice        16%        N/A       10%         2
 Tukima's Dance           Hex            8%         N/A       21%         3
 Enfeeble                 Hex            4%         N/A       100%        7


Dungeon Overview and Level Annotations

Branches:
Dungeon (6/15)
 Temple: D:4-7

Altars:
Hepliaklqana
Kikubaaqudgha
Qazlal
Trog
Xom
Beogh

Shops:
D:2 (


Innate Abilities, Weirdness & Mutations

You can breathe waves of freezing cold which knock back foes.
Your icy white scales are hard. (AC +7)
You cannot fit into any form of body armour.
Your flesh is cold resistant. (rC+)
You are cold-blooded and may be slowed by cold attacks.


Message History

Confirm with . or Enter, or press ? or * to list all spells.
You conjure some foxfire!
The foxfire hits the slime creature!
The slime creature is lightly wounded.
The foxfire hits the slime creature!
The slime creature is moderately wounded.
Casting: Foxfire (safe; 1% risk of failure)
Confirm with . or Enter, or press ? or * to list all spells.
You conjure some foxfire!
The foxfire hits the slime creature.
The slime creature is moderately wounded.
The foxfire hits the slime creature.
The slime creature is moderately wounded.
The jelly jiggles.
Casting: Foxfire (safe; 1% risk of failure)
Confirm with . or Enter, or press ? or * to list all spells.
Flames lash the slime creature.
The slime creature is heavily wounded.
The slime creature's fire resistance burns away.
The slime creature hits you.
Unknown command.
Casting: Scorch (safe; 1% risk of failure)
Confirm with . or Enter, or press ? or * to list all spells.
Flames lash the slime creature.
The slime creature is burned terribly!
The slime creature is severely wounded.
The slime creature hits you!
* * * LOW HITPOINT WARNING * * *
Unknown command.
The slime creature is no longer more vulnerable to fire.
Casting: Scorch (safe; 1% risk of failure)
Confirm with . or Enter, or press ? or * to list all spells.
You conjure some foxfire!
The slime creature hits you!
* * * LOW HITPOINT WARNING * * *
The foxfire hits the jelly.
The jelly is heavily wounded.
The foxfire hits the slime creature.
The slime creature is severely wounded.
You feel better. The slime creature hits you.
* * * LOW HITPOINT WARNING * * *
The slime creature hits you.
You die...

...........#####..#
...........#...#..#
##.........#.#.#..#
#.......#.#.#.#..#######
##.......#.#.#.#........#
................>######.#
##.......#.#.#.#...# #.#
.........#.#.#.#.#.# #.#
....######.#..JJ@..# #.#
....# #.....J##### #.#
....#####........... #.#
....##....########## #.#
†................ #.#
######...J####### #.#
####.# #.# #.# #.# #.#
#.#


You could see a slime creature and 2 jellies.

Vanquished Creatures
  Prince Ribbit (D:6)
  Menkaure (D:5)
  An acid dragon (D:5)
  A water moccasin (D:5)
  2 black bears
  An ice beast (D:6)
  2 ogres (D:5)
  2 scorpions
  4 killer bees (D:5)
  A centaur zombie (D:5)
  7 jellies (D:6)
  5 hounds
  2 centaur skeletons (D:5)
  2 bullfrog skeletons (D:5)
  A gnoll shaman (D:5)
  3 orc priests
  3 iguanas
  An orc wizard (D:5)
  4 adders
  3 gnolls (D:5)
  A shadow imp (D:6)
  3 worms
  12 orcs
  6 bats
  6 endoplasms
  4 giant cockroaches
  23 goblins
  7 hobgoblins
  3 jackals (D:1)
  10 kobolds
  6 quokkas
  8 ball pythons
  4 frilled lizards
  5 rats
145 creatures vanquished.

Vanquished Creatures (collateral kills)
  2 foxfires
2 creatures vanquished.

Vanquished Creatures (others)
  457 foxfires
  7 fungi (D:6)
  28 plants (D:3)
492 creatures vanquished.

Grand Total: 639 creatures vanquished

Notes
Turn   | Place    | Note
-------+----------+-------------------------------------------
     0 | D:1      | funkygono the Draconian Fire Elementalist began the quest
                  | for the Orb.
     0 | D:1      | Reached XP level 1. HP: 14/14 MP: 3/3
   222 | D:1      | Reached XP level 2. HP: 20/20 MP: 3/5
   225 | D:1      | Learned a level 2 spell: Scorch
   511 | D:1      | Found a faded altar of an unknown god.
   774 | D:1      | Reached XP level 3. HP: 26/26 MP: 0/6
   989 | D:2      | Reached skill level 4 in Fire Magic
  1284 | D:2      | Found Paly's Weapon Boutique.
  1720 | D:2      | Learned a level 3 spell: Conjure Flame
  1861 | D:2      | Reached XP level 4. HP: 33/33 MP: 5/8
  2441 | D:3      | Reached XP level 5. HP: 35/38 MP: 0/9
  2829 | D:3      | Found a hazy altar of Hepliaklqana.
  2910 | D:3      | Found a bloodstained altar of Trog.
  3360 | D:3      | Learned a level 4 spell: Flame Wave
  3369 | D:4      | Reached skill level 5 in Fire Magic
  3369 | D:4      | Reached XP level 6. HP: 45/45 MP: 3/11
  3440 | D:4      | Found an ancient bone altar of Kikubaaqudgha.
  3683 | D:4      | Found a stormy altar of Qazlal.
  3925 | D:5      | Entered Level 5 of the Dungeon
  4319 | D:5      | Noticed an acid dragon
  4354 | D:5      | Killed an acid dragon
  4355 | D:5      | Reached skill level 6 in Fire Magic
  4355 | D:5      | Your scales start taking on an icy white colour.
  4355 | D:5      | Reduced skill Fire Magic to level 5
  4355 | D:5      | Reached XP level 7. HP: 4/50 MP: 1/13
  4355 | D:5      | Gained mutation: Your flesh is cold resistant. (rC+) [White
                  | Draconian growth]
  4949 | D:5      | Reached XP level 8. HP: 33/58 MP: 1/15
  5183 | D:5      | Noticed Menkaure
  5186 | D:5      | Killed Menkaure
  5187 | D:5      | Reached skill level 5 in Spellcasting
  5187 | D:5      | Reached skill level 6 in Fire Magic
  5405 | D:5      | Reached skill level 1 in Maces & Flails
  5815 | D:6      | Reached skill level 1 in Fighting
  5860 | D:6      | Noticed Prince Ribbit
  5876 | D:6      | Killed Prince Ribbit
  6091 | D:6      | Found a shimmering altar of Xom.
  6221 | D:6      | Reached skill level 5 in Conjurations
  6278 | D:6      | Reached XP level 9. HP: 62/64 MP: 14/18
  6335 | D:6      | Reached skill level 7 in Fire Magic
  6438 | D:6      | HP: 1/64 [slime creature (16)]
  6446 | D:6      | Slain by a slime creature

Illustrated notes

Levels and vault maps discovered:
D:1:      wander_arrival_peaceful_grave, layout_rooms,
          dreamdust_ecumenical_altar_grove
D:2:      layout_basic, serial_shops, shop, serial_forest,
          infiniplex_forest_straight_2, infiniplex_forest_lined_1,
          infiniplex_forest_clump_tiny, infiniplex_forest_lined_corner,
          infiniplex_forest_clump_small, infiniplex_forest_zigzag_2,
          infiniplex_forest_corner_2, grunt_decor_arrowhead
D:3:      layout_basic, nicolae_overflow_crystal_walls, bloody_trog,
          nicolae_concentric_dashed_squares_mild, serial_bayou_lagoon_a,
          kennysheep_orc_chapel
D:4:      layout_basic, mainiacjoe_overflow_small_starburst,
          nicolae_qazlal_scattered_showers
D:5:      layout_rooms, chequers_serial_rivers_micro_d, minmay_ogre_servants,
          uniq_menkaure
D:6:      lemuel_slime, layout_basic, dk_xom_monty_hall, lemuel_doored_altar,
          minmay_temple_entry_large_hall, small_statue_alley_b,
          minmay_misc_feat_nine_boxes, uniq_prince_ribbit1, uniq_maggie,
          uniq_duvessa

Skill      XL: |  1  2  3  4  5  6  7  8  9 |
---------------+----------------------------+-----
Fire Magic     | 4 5 5 6 7 |  7.1
Spellcasting   | 3 4 6 |  6.5
Conjurations   | 2 3 4 5 |  5.2
Dodging        | 2 |  2.2
Maces & Flails | 1 |  1.2
Fighting       | 1 |  1.3
Stealth        | |  1.7

Action                   |  1- 3 |  4- 6 |  7- 9 || total
-------------------------+-------+-------+-------++-------
Melee: Dagger            |       |     4 |       ||     4
       Mace              |       |     9 |     9 ||    18
       Tailslap          |       |     1 |       ||     1
 Cast: Foxfire           |    62 |   109 |    94 ||   265
       Scorch            |     6 |    18 |    18 ||    42
       Conjure Flame     |       |     1 |       ||     1
       Flame Wave        |       |       |     3 ||     3
 Abil: Breathe Frost     |       |       |     1 ||     1
  Use: Scroll            |       |    10 |     1 ||    11
       Potion            |       |       |     1 ||     1
Armor: Skin              |     7 |    22 |    12 ||    41
Dodge: Dodged            |    14 |    36 |    25 ||    75

Table legend: (Time is in decaauts)
 A = Elapsed time spent in this place.
 B = Non-inter-level travel time spent in this place.
 C = Inter-level travel time spent in this place.
 D = Time resting spent in this place.
 E = Time spent auto-exploring this place.
 F = Levels seen in this place.
 G = Mean time per level.
                   A        B        C        D        E       F      G
               +--------+--------+--------+--------+--------+-----+--------+
         Total |   6459 |   6181 |    278 |     52 |   5162 |   6 | 1076.5 |
       Dungeon |   6459 |   6181 |    278 |     52 |   5162 |   6 | 1076.5 |
               +--------+--------+--------+--------+--------+-----+--------+

Top non-repeatable levels by time:
     D:5: 1768 daAuts
     D:2: 1555 daAuts
     D:3: 1056 daAuts
     D:1: 844 daAuts
     D:6: 641 daAuts
     D:4: 593 daAuts
